 Dungeon Crawl Stone Soup version 0.22-a0-136-g83a10e5 (webtiles) character file.

174 Daviar the Cutter (level 5, 0/36 HPs)
             Began as an Octopode Gladiator on Feb 5, 2018.
             Slain by a gnoll
             ... wielding a +0 halberd
              (13 damage)
             ... on level 3 of the Dungeon.
             The game lasted 00:04:21 (2694 turns).

Daviar the Cutter (Octopode Gladiator)              Turns: 2694, Time: 00:04:21

Health: 0/36       AC:  1    Str: 13    XL:     5   Next: 54%
Magic:  5/5        EV: 15    Int: 10    God:
Gold:   241        SH:  0    Dex: 15    Spells: 4/4 levels left

rFire    . . .     SeeInvis .   a - +0 rapier
rCold    . . .     Gourm    .   (no shield)
rNeg     . . .     Faith    .   b - +0 hat
rPois    .         Spirit   .   f - amulet of rage
rElec    .         Reflect  .   (no ring)
rCorr    .         Harm     .   (no ring)
MR       .....                  (no ring)
Stlth    +++.......             (no ring)
HPRegen  0.12/turn              (no ring)
MPRegen  0.09/turn              (no ring)
                                (no ring)
                                (no ring)

@: no status effects
A: almost no armour, stealthy swim, amphibious, 8 rings, constrict 8, camouflage
1, gelatinous body 1
a: Evoke Berserk Rage


You were on level 3 of the Dungeon.
You were not hungry.

You visited 1 branch of the dungeon, and saw 4 of its levels.

You collected 241 gold pieces.

Inventory:

Hand Weapons
 a - a +0 rapier (weapon)
 p - a +0 falchion
Missiles
 c - 2 throwing nets (quivered) {!f}
Armour
 b - a +0 hat (worn)
Jewellery
 f - an amulet of rage (around mantle)
 o - an uncursed ring of ice
Wands
 u - a wand of iceblast (5)
Scrolls
 g - 6 scrolls of remove curse {unknown}
 h - 3 scrolls of identify {unknown}
 k - a scroll of immolation {unknown}
 s - a scroll of enchant weapon {unknown}
Potions
 e - a potion of haste {unknown}
 i - a potion of resistance {unknown}
 j - 2 potions of mutation {unknown}
 l - a potion of agility {unknown}
 m - 2 potions of curing {unknown}
 n - a potion of brilliance {unknown}
 q - a potion of magic {unknown}
 r - a potion of ambrosia {unknown}
Comestibles
 d - 3 rations
 t - a chunk of flesh


   Skills:
 + Level 3.2 Fighting
 + Level 3.9 Short Blades
 - Level 2.0 Throwing
 + Level 3.9 Dodging
 + Level 3.2 Stealth
 + Level 1.1 Evocations


You had 4 spell levels left.
You didn't know any spells.

Dungeon Overview and Level Annotations

Branches:
Dungeon (4/15)
 Temple: D:4-7

Altars:
Elyvilon
Nemelex Xobeh
Uskayaw
Xom


Innate Abilities, Weirdness & Mutations

You cannot wear most types of armour.
You are very stealthy in the water. (Stealth+)
You are amphibious.
You can wear up to eight rings at the same time.
You can use your tentacles to constrict eight enemies at once.
Your skin changes colour to match your surroundings (Stealth+).
Your rubbery body absorbs attacks. (AC +1, EV +1)


Message History

Things that are here:
a whip; a leather armour; a gnoll skeleton
There is a stone staircase leading down here.
You start resting.
Some of the chunks of flesh in your inventory have rotted away. x3
Eating one of 2 chunks of flesh.
You eat one of the 2 chunks of flesh.
This raw flesh tastes terrible.
HP restored.
Health restored: 36 You climb downwards.
The gnoll hits you with a halberd! The gnoll misses you.
There is a stone staircase leading up, spattered with blood here.
You take 13 damage, and have 23/36 hp.
MASSIVE DAMAGE!!
The gnoll hits you with a halberd! The gnoll closely misses you.
You climb upwards.
There is a stone staircase leading down here.
You take 10 damage, and have 13/36 hp.
MASSIVE DAMAGE!!
You completely miss the gnoll. You grab the gnoll.
You constrict the gnoll, but do no damage.
The gnoll hits you with a halberd!
You die...

#.# #.# #..#.#...#
#.# #.# #..#......
#.# #.# #........#
#># #.# #..#.##...
#.# #.# #..#.###.#
#.# ##.## #..#.# #.<
#.# ##...#####..#.#
###
#.####[.....(()..#.#
#.....g@.....###.#.#
######g....#[# #.#.#
##...##.# #.#.##
##.###.# #....## ###
#.###.###.##
#.##.#####.##
#.#.###...... #...#
#.##### ##..###.# #


You could see 2 gnolls.

Vanquished Creatures
  A gnoll shaman (D:3)
  5 gnolls
  2 adders
  An ooze (D:2)
  2 worms (D:2)
  2 dart slugs
  3 ball pythons (D:1)
  2 giant cockroaches
  11 goblins
  4 hobgoblins
  10 jackals
  7 kobolds
  A quokka (D:2)
  7 bats
  3 frilled lizards
  5 rats
66 creatures vanquished.

Notes
Turn   | Place    | Note
-------+----------+-------------------------------------------
     0 | D:1      | Daviar the Octopode Gladiator began the quest for the Orb.
     0 | D:1      | Reached XP level 1. HP: 14/14 MP: 1/1
   103 | D:1      | Reached skill level 1 in Stealth
   103 | D:1      | Reached XP level 2. HP: 15/19 MP: 2/2
   793 | D:2      | Reached XP level 3. HP: 25/25 MP: 3/3
   856 | D:2      | Found a shimmering altar of Xom.
   856 | D:2      | Found a hide-covered altar of Uskayaw.
  1082 | D:2      | Reached XP level 4. HP: 22/30 MP: 4/4
  1338 | D:2      | Found a white marble altar of Elyvilon.
  1721 | D:3      | Found a sparkling altar of Nemelex Xobeh.
  2052 | D:3      | Reached XP level 5. HP: 36/36 MP: 5/5
  2470 | D:3      | Reached skill level 1 in Evocations
  2694 | D:3      | Slain by a gnoll

Vault maps used:
D:1:      elethiomel_arrival_maze, st_stairs_6
D:2:      nicolae_overflow_crystal_walls,
          chequers_temple_overflow_statue_of_worship
D:3:      cheibrodos_greedy_goblins, lemuel_crystal_altar, first_ration

Skill      XL: |  1  2  3  4  5 |
---------------+----------------+-----
Stealth        | 1 2 3 |  3.2
Fighting       | 3 |  3.2
Evocations     | 1 |  1.1
Short Blades   | |  3.9
Throwing       | |  2.0
Dodging        | |  3.9

Action                   |  1- 3 |  4- 6 || total
-------------------------+-------+-------++-------
Melee: Rapier            |    48 |    74 ||   122
       Constrict         |    14 |    21 ||    35
       Tentacles         |    11 |    13 ||    24
Throw: Throwing net      |       |     2 ||     2
 Stab: Distracted        |     1 |       ||     1
       Sleeping          |     9 |     5 ||    14
  Eat: Chunk             |       |     6 ||     6
Armor: Skin              |     1 |     5 ||     6
Dodge: Dodged            |    20 |    57 ||    77

Table legend:
 A = Spawn XP
 B = Non-spawn XP
 C = Spawn XP percentage of total XP
 D = Spawn monster count
 E = Non-spawn monster count
 F = Spawn count percentage of total count
 G = Total turns spent on level
                    A         B        C        D         E        F      G
               +---------+---------+-------+---------+---------+-------+---------
         Total |       0 |     249 |   0.0 |       0 |      66 |   0.0 |  2694
               +---------+---------+-------+---------+---------+-------+---------
           D:1 |       0 |      33 |   0.0 |       0 |      19 |   0.0 |   787
           D:2 |       0 |      89 |   0.0 |       0 |      17 |   0.0 |   785
           D:3 |       0 |      99 |   0.0 |       0 |      28 |   0.0 |  1081
           D:4 |       0 |      28 |   0.0 |       0 |       2 |   0.0 |    41
               +---------+---------+-------+---------+---------+-------+---------
